 Dungeon Crawl Stone Soup version 0.19-a0-465-g1d1674b (webtiles) character file.

455 Kidiri the Magician (level 6, -5/32 HPs)
             Began as a Deep Elf Fire Elementalist on June 3, 2016.
             Slain by BattleRest's ghost (11 damage)
             ... on level 4 of the Dungeon.
             The game lasted 00:15:05 (4393 turns).

Kidiri the Magician (Deep Elf Fire Elementalist)    Turns: 4393, Time: 00:15:06

Health: -5/32      AC:  7    Str:  5    XL:     6   Next: 76%
Magic:  7/16       EV: 12    Int: 22    God:
Gold:   113        SH:  3    Dex: 15    Spells: 5 memorised, 3 levels left

rFire  + . .     SeeInvis .     k - +0 dagger
rCold  . . .     Gourm    .     a - +0 robe
rNeg   . . .     Faith    +     i - +0 buckler
rPois  .         Spirit   .     r - +1 helmet
rElec  .         Dismiss  .     y - +0 cloak
rCorr  .         Reflect  .     t - +0 pair of gloves
SustAt .         Harm     .     d - +0 pair of boots
MR     +....                    p - amulet of faith
Stlth  ++........               e - ring of protection from magic
                                w - ring of protection from fire

@: somewhat resistant to hostile enchantments, unstealthy
A: no striking features
a: no special abilities


You were on level 4 of the Dungeon.
You were not hungry.

You visited 1 branch of the dungeon, and saw 4 of its levels.

You collected 113 gold pieces.

Inventory:

Hand Weapons
 k - a +0 dagger (weapon)
Armour
 a - a +0 robe (worn)
 d - a +0 pair of boots (worn)
 i - a +0 buckler (worn)
 o - a +2 shield
 r - a +1 helmet (worn)
 t - a +0 pair of gloves (worn)
 x - a +3 leather armour
 y - a +0 cloak (worn)
Jewellery
 e - a ring of protection from magic (right hand)
 g - a +2 ring of strength
 p - an amulet of faith (around neck)
 w - a ring of protection from fire (left hand)
Wands
 u - a wand of flame (28/48)
Scrolls
 j - 2 scrolls of enchant weapon
 m - 2 scrolls of teleportation
 s - 3 scrolls of remove curse
 z - a scroll of magic mapping {unknown}
Potions
 f - a potion of cancellation
 h - a potion of brilliance
 l - a potion of might
 B - 2 potions of cure mutation
Books
 b - a book of Flames

   Spells                             Type                      Level
   a - Flame Tongue                   Conjuration/Fire             1
   b - Throw Flame                    Conjuration/Fire             2
   c - Conjure Flame                  Conjuration/Fire             3
   d - Inner Flame                    Hexes/Fire                   3
   e - Sticky Flame                   Conjuration/Fire             4
   f - Fireball                       Conjuration/Fire             5
Comestibles
 c - 2 bread rations
 q - a chunk of flesh
 v - a meat ration
 A - a beef jerky


   Skills:
 + Level 0.1 Fighting
 + Level 0.0 Short Blades
 + Level 0.1 Armour
 + Level 2.5 Dodging
 - Level 2.4 Stealth
 + Level 0.1 Shields
 * Level 5.9 Spellcasting
 * Level 4.5 Conjurations
 * Level 5.3 Fire Magic
 + Level 0.4 Evocations


You had 3 spell levels left.
You knew the following spells:

 Your Spells              Type           Power        Failure   Level  Hunger
a - Flame Tongue          Conj/Fire      ####.        1%          1    None
b - Throw Flame           Conj/Fire      ####..       3%          2    None
c - Conjure Flame         Conj/Fire      ####....     10%         3    #......
d - Inner Flame           Hex/Fire       ###.....     17%         3    #......
e - Sticky Flame          Conj/Fire      ####....     24%         4    ###....


Dungeon Overview and Level Annotations

Branches:
Dungeon (4/15)
 Temple: D:4-7

Altars:
Gozag
Yredelemnul
Zin

Annotations:
D:4 BattleRest's ghost, amateur MiFi


Message History

Aiming: Flame Tongue
Press: ? - help, Shift-Dir - straight line, f/p - BattleRest's ghost
Aim: BattleRest's ghost (almost destroyed)
The flame tongue hits BattleRest's ghost.
BattleRest's ghost appears unharmed.
BattleRest's ghost is almost destroyed.
BattleRest's ghost hits you!
* * * LOW HITPOINT WARNING * * *
Unknown command.
Okay, then.
Unknown command.
You see here a falchion.
Okay, then.
BattleRest's ghost whispers, "There is no future for you."
You see here 14 stones.
BattleRest's ghost shrieks, "There is no future for me!"
Unknown command.
BattleRest's ghost says very slowly, "There's no hope."
BattleRest's ghost hits you!
You die...

#.# #.##.# #.## #.#########.##.#
#.# #..........>##.# #.#
#.############.# #.# #######.#
#..# #.# .....##.########
#.##########.# ##.............#
#.#..........#
####.##.######.####.#.##########
................@W...#.####
##############.####.......# ##
#.# #######.# .## #)# #.# #.##
#.#### #.# .#.## #....# #(#
....## ####.# #.# ..#..# #.# #.#
....###### #.# #.#


You could see BattleRest's ghost.

Vanquished Creatures
  The ghost of BattleRest the Shield-Bearer, an amateur MiFi (D:3)
  A howler monkey (D:4)
  A hound (D:4)
  Jessica (D:3)
  A worker ant (D:4)
  5 adders (D:2)
  An adder skeleton (D:4)
  3 worms
  2 dart slugs
  4 giant geckos
  2 orcs (D:3)
  A ball python (D:1)
  5 giant cockroaches
  5 goblins
  4 hobgoblins
  10 kobolds
  6 bats
  5 giant newts
  6 rats
64 creatures vanquished.

Notes
Turn   | Place    | Note
--------------------------------------------------------------
     0 | D:1      | Kidiri the Deep Elf Fire Elementalist began the quest for the Orb.
     0 | D:1      | Reached XP level 1. HP: 10/10 MP: 6/6
   289 | D:1      | Reached XP level 2. HP: 12/15 MP: 5/8
   293 | D:1      | Learned a level 2 spell: Throw Flame
  1115 | D:2      | Reached XP level 3. HP: 19/19 MP: 2/10
  1120 | D:2      | Learned a level 3 spell: Conjure Flame
  1124 | D:2      | Learned a level 3 spell: Inner Flame
  2032 | D:2      | Found a glowing silver altar of Zin.
  2033 | D:2      | Found an opulent altar of Gozag.
  2291 | D:3      | Reached XP level 4. HP: 24/24 MP: 12/12
  2412 | D:3      | Noticed Jessica
  2420 | D:3      | Killed Jessica
  2472 | D:3      | Noticed BattleRest's ghost (amateur MiFi)
  3416 | D:2      | Reached XP level 5. HP: 24/28 MP: 9/14
  3422 | D:2      | Learned a level 4 spell: Sticky Flame
  3638 | D:3      | Found a basalt altar of Yredelemnul.
  3694 | D:3      | Killed BattleRest's ghost
  3694 | D:3      | Reached skill level 5 in Spellcasting
  3694 | D:3      | Reached skill level 5 in Fire Magic
  3694 | D:3      | Reached XP level 6. HP: 20/32 MP: 0/16
  4276 | D:4      | Noticed BattleRest's ghost (amateur MiFi)
  4393 | D:4      | Slain by BattleRest's ghost

Vault maps used:
D:1:      eino_arrival_druids_welcome
D:2:      grunt_temple_overflow_gold_and_silver
D:3:      old_standard_altar, first_bread, uniq_jessica
D:4:      nicolae_tso_swordbearing_angel, hangedman_decor_push

Skill      XL: |  1  2  3  4  5 |
---------------+----------------+-----
Conjurations   | 2 3 4 |  4.5
Spellcasting   | 4 5 |  5.9
Fire Magic     | 4 5 |  5.3
Fighting       | |  0.1
Armour         | |  0.1
Dodging        | |  2.5
Stealth        | |  2.4
Shields        | |  0.1
Evocations     | |  0.4

Action                   |  1- 3 |  4- 6 || total
-------------------------+-------+-------++-------
Melee: Dagger            |     5 |    13 ||    18
 Cast: Flame Tongue      |    32 |    77 ||   109
       Throw Flame       |    21 |    23 ||    44
       Conjure Flame     |       |     4 ||     4
Evoke: Wand              |       |    23 ||    23
  Use: Scroll            |    10 |     5 ||    15
       Potion            |       |     4 ||     4
 Stab: Sleeping          |     4 |     2 ||     6
  Eat: Chunk             |     4 |     7 ||    11
Armor: Robe              |     7 |     8 ||    15
Dodge: Dodged            |    14 |    22 ||    36
Block: Buckler           |       |     3 ||     3
